 Dungeon Crawl Stone Soup version 0.29.1-13-g9f3cf754e1 (webtiles) character file.

Game seed: 411108269089876632

5317 rakiston the Thaumaturge (level 10, -20/73 HPs)
             Began as a Djinni Fire Elementalist on Jan 23, 2023.
             Was an Initiate of Makhleb.
             Killed from afar by a hellion (33 damage)
             ... with damnation
             ... on level 1 of the Abyss.
             The game lasted 00:59:36 (7600 turns).

rakiston the Thaumaturge (Djinni Fire Elementalist) Turns: 7600, Time: 00:59:37

Health: -20/73     AC:  7    Str:  7    XL:     10   Next: 95%
Gold:   316        EV: 15    Int: 27    God:    Makhleb [......] SH:  0 Dex: 14

rFire   + + +      SeeInvis .   n - staff of fire
rCold   x . .      Faith    .   (no shield)
rNeg    . . .      Spirit   .   R - +0 steam dragon scales
rPois   ∞          Reflect  .   (no helmet)
rElec   .          Harm     .   G - scarf {repulsion}
rCorr   .          Rampage  .   N - +1 pair of gloves
Will    +....                   (boots unavailable)
Stlth   ++........              g - amulet of regeneration
HPRegen 1.02/turn               z - +6 ring of intelligence
MPRegen 0.00/turn               (no ring)

@: flying, repel missiles
A: sickness immunity, fire resistance 2, cold vulnerability 1, float, innate
caster, HP casting, extra vitality 1
a: Renounce Religion


You were on level 1 of the Abyss.
You worshipped Makhleb.
Makhleb was noncommittal.
You visited 2 branches of the dungeon, and saw 10 of its levels.
You visited the Abyss 1 time.

You collected 428 gold pieces.
You spent 112 gold pieces at shops.

Inventory:

Hand Weapons
 e - a +1 mace of protection
 h - a +0 short sword of protection
 q - a +0 spear of freezing
 I - the +8 dagger "Ciwny" {flame, +Blink rPois Dex+3}
   (You found it on level 5 of the Dungeon)

   It burns those it strikes, dealing additional fire damage.
   Dex:       It affects your dexterity (+3).
   rPois:     It protects you from poison.
   +Blink:    It lets you blink.
Missiles
 x - 2 throwing nets
 y - 4 boomerangs
Armour
 a - a +1 robe
 w - a +0 pair of gloves
 G - a scarf of repulsion (worn)
 J - the +2 leather armour of the Golden Hot Ocelot {rPois rC+ Dex+4}
   (You found it on level 5 of the Dungeon)

   Dex:       It affects your dexterity (+4).
   rC:        It protects you from cold.
   rPois:     It protects you from poison.
 N - a +1 pair of gloves (worn)
 R - +0 steam dragon scales (worn)
 T - a +0 buckler
Magical Staves
 n - a staff of fire (weapon)
Jewellery
 g - an amulet of regeneration (around neck)
 s - a ring of fire
 z - a +6 ring of intelligence (left hand)
Wands
 m - a wand of flame (52)
 o - a wand of paralysis (28)
 O - a wand of digging (11)
Scrolls
 c - a scroll of enchant armour
 d - 2 scrolls of enchant weapon
 i - 2 scrolls of amnesia
 k - 2 scrolls of blinking
 l - a scroll of poison
 p - a scroll of vulnerability
 t - 2 scrolls of noise
 H - 2 scrolls of teleportation
 M - a scroll of silence
 Q - a scroll of fear
 S - a scroll of immolation
Potions
 b - a potion of magic
 f - 3 potions of lignification
 j - a potion of invisibility
 r - 2 potions of might
 u - 2 potions of degeneration
 v - a potion of heal wounds
 A - a potion of attraction {unknown}
 B - 2 potions of brilliance
 C - a potion of ambrosia
 D - a potion of flight {unknown}
 E - 2 potions of curing
 F - a potion of berserk rage {unknown}
 K - a potion of resistance
 L - a potion of mutation {unknown}
 P - 2 potions of cancellation {unknown}


   Skills:
 + Level 6.8 Fighting
 + Level 6.6 Dodging
 - Level 1.6 Stealth
 - Level 10.1 Spellcasting


You had 8 spell levels left.
You knew the following spells:

 Your Spells              Type           Power      Damage    Failure   Level
a - Foxfire               Conj/Fire      100%       2x1d9     1%          1
b - Scorch                Fire           100%       2d10      1%          2
c - Conjure Flame         Conj/Fire      80%        6-21      1%          3
d - Inner Flame           Hex/Fire       80%        N/A       1%          3
e - Flame Wave            Conj/Fire      80%        2d17      1%          4
f - Freeze                Ice            100%       1d11      1%          1
g - Call Imp              Summ           62%        N/A       1%          2
h - Searing Ray           Conj           100%       2d8       1%          2
i - Frozen Ramparts       Ice            100%       1d16      1%          3
Your spell library was empty.

Dungeon Overview and Level Annotations

Branches:
Dungeon (9/15)             Temple (1/1) D:4
   Lair: D:8-11         Orc: D:9-12

Altars:
Ashenzari
Cheibriados
Dithmenos
Elyvilon
Fedhas
Gozag
Hepliaklqana
Makhleb
Nemelex Xobeh
Qazlal
Ru
Trog
Uskayaw
Xom
Yredelemnul
Zin
The Shining One

Shops:
D:2 =*!

Annotations:
D:9 Erolcha


Innate Abilities, Weirdness & Mutations

You are immune to sickness and miasma.
You are immune to poison.
Your flesh is very heat resistant. (rF++)
You are vulnerable to cold. (rC-)
You float through the air rather than walking.
You learn spells naturally, not from books.
Your magical power is your life essence.
You have superior vitality. (+4 MHP)


Message History

Casting: Scorch (safe; 1% risk of failure)
Confirm with . or Enter, or press ? or * to list all spells.
You feel a surge of power!
Flames lash the four-headed hydra skeleton.
The four-headed hydra skeleton is burned terribly!
The four-headed hydra skeleton is almost destroyed.
The four-headed hydra skeleton bites you but does no damage.
The four-headed hydra skeleton misses you.
The four-headed hydra skeleton bites you but does no damage.
The four-headed hydra skeleton bites you.
Casting: Scorch (safe; 1% risk of failure)
Confirm with . or Enter, or press ? or * to list all spells.
You feel a surge of power!
Flames lash the four-headed hydra skeleton.
The four-headed hydra skeleton is burned terribly!
You destroy the four-headed hydra skeleton!
Makhleb accepts your kill.
Casting: Scorch (safe; 1% risk of failure)
Confirm with . or Enter, or press ? or * to list all spells.
You feel a surge of power!
Flames lash the hellion.
The hellion is moderately wounded.
The hellion's fire resistance burns away.
The hellion gestures at you.
The sphere of damnation explodes!
The damnation engulfs you!!
* * * LOW HITPOINT WARNING * * *
The damnation engulfs the hellion.
The hellion completely resists.
You hear a shout!
Blink to where?
Press: ? - help, Dir - move target
As you read the scroll of blinking, it crumbles to dust.
You feel much better. The hellion gestures at you.
The sphere of damnation explodes!
The damnation engulfs you!!
* * * LOW HITPOINT WARNING * * *
Your crimson imp hits the hellion but does no damage.
Found a gateway leading deeper into the Abyss.
A neqoxec comes into view.
The hellion gestures at you.
The sphere of damnation explodes!
The damnation engulfs you!!
You die...

. #.#.. # .##
##... . # .##.. .#
##. ..##.. . . . .
.._ #..#.####.
.#..# .# .
#.#.##..###.....##
...
..#.#...........#.
.. .
._2#####2#..#### .
. ....#.
.#..5...#.#.... .
##. # .#..##.#..##
. .. . . . ###
.#####.###@# . ...
#. . .#......#..#
. ## ###..#..#..#
# #..#...# 3.##
...# .#. #..# #..
.... #> ...


You could see a hellion (combustible, ally target), a neqoxec and a friendly
crimson imp (summoned).

Vanquished Creatures
  A two-headed ogre (D:8)
  Pikel (D:6)
  Maggie (D:7)
  Grinder (D:6)
  Prince Ribbit (D:6)
  A hornet (D:9)
  A hydra skeleton (Abyss:1)
  A wyvern (D:8)
  A steam dragon (D:7)
  2 water moccasins
  An orc warrior (D:8)
  2 sky beasts (D:7)
  2 black bears (D:6)
  An ice beast (D:7)
  5 centaurs
  2 gnoll sergeants
  A necrophage (D:6)
  3 bullfrogs
  5 wights (D:6)
  A howler monkey (D:3)
  10 hounds
  2 orc priests
  3 gnoll boudas
  A jelly (D:5)
  2 iguanas
  Terence (D:2)
  3 orc wizards
  Robin (D:2)
  22 gnolls
  2 adders
  A worm (D:4)
  7 dart slugs
  22 orcs
  5 endoplasms
  5 giant cockroaches
  18 goblins
  11 hobgoblins
  2 jackals (D:4)
  3 quokkas
  4 ball pythons
  4 bats
  3 frilled lizards
  10 kobolds
  5 rats
181 creatures vanquished.

Vanquished Creatures (collateral kills)
  A kobold brigand (D:8)
  2 gnolls
  An orc (D:5)
  A goblin (D:4)
  2 jackals (D:4)
7 creatures vanquished.

Vanquished Creatures (others)
  246 foxfires
246 creatures vanquished.

Grand Total: 434 creatures vanquished

Notes
Turn   | Place    | Note
-------+----------+-------------------------------------------
     0 | D:1      | rakiston the Djinni Fire Elementalist began the quest for
                  | the Orb.
     0 | D:1      | rakiston set off with the following spells memorised:
                  | Foxfire, Scorch, Conjure Flame, Inner Flame, Flame Wave.
     0 | D:1      | Reached XP level 1. HP: 15/15 MP: 0/0
    52 | D:1      | Reached XP level 2. HP: 10/21 MP: 0/0
   552 | D:1      | Reached skill level 3 in Spellcasting
   607 | D:1      | Reached XP level 3. HP: 24/25 MP: 0/0
   607 | D:1      | Learned a level 1 spell: Freeze
   963 | D:2      | Noticed Robin
   980 | D:2      | Killed Robin
   982 | D:2      | Reached XP level 4. HP: 19/31 MP: 0/0
  1050 | D:2      | Found Ilyxkiw's Assorted Antiques.
  1055 | D:2      | Bought a scroll labelled QYWARU FUMATUTWYE for 25 gold
                  | pieces
  1055 | D:2      | Bought a scroll labelled ILELEKK YSOAX for 25 gold pieces
  1055 | D:2      | Bought a scroll labelled CUSMAOCR CUMA for 25 gold pieces
  1055 | D:2      | Bought a scroll labelled HUPAUV COHYTS for 25 gold pieces
  1067 | D:2      | Noticed Terence
  1082 | D:2      | Killed Terence
  1119 | D:2      | Found Yskewaap's Jewellery Boutique.
  1361 | D:2      | Reached skill level 4 in Spellcasting
  1716 | D:2      | Found Honireank's Distillery.
  1721 | D:2      | Bought a potion of degeneration for 12 gold pieces
  1820 | D:2      | Reached XP level 5. HP: 34/35 MP: 0/0
  1820 | D:2      | Learned a level 2 spell: Call Imp
  2095 | D:3      | Found a shadowy altar of Dithmenos.
  2095 | D:3      | Found a sacrificial altar of Ru.
  2479 | D:3      | Found a hide-covered altar of Uskayaw.
  3072 | D:4      | Reached XP level 6. HP: 40/40 MP: 0/0
  3108 | D:4      | Reached skill level 5 in Spellcasting
  3547 | D:4      | Found a staircase to the Ecumenical Temple.
  3557 | Temple   | Entered the Ecumenical Temple
  4153 | D:5      | Entered Level 5 of the Dungeon
  4167 | D:5      | You are sucked into a shaft and drop 3 floors!
  4186 | D:8      | Reached XP level 7. HP: 27/46 MP: 0/0
  4186 | D:8      | Learned a level 2 spell: Searing Ray
  4189 | D:8      | Noticed a wyvern
  4195 | D:8      | Killed a wyvern
  4196 | D:8      | Reached skill level 6 in Spellcasting
  4358 | D:8      | Found a glowing silver altar of Zin.
  4429 | D:6      | Reached XP level 8. HP: 50/51 MP: 0/0
  4546 | D:5      | Identified the +8 dagger "Ciwny" {flame, +Blink rPois
                  | Dex+3}
  4630 | D:5      | Reached skill level 7 in Spellcasting
  4699 | D:5      | Identified the +2 leather armour of the Golden Hot Ocelot
                  | {rPois rC+ Dex+4}
  5088 | D:6      | Noticed Grinder
  5088 | D:6      | Paralysed by Grinder for 3 turns
  5106 | D:6      | Reached skill level 8 in Spellcasting
  5107 | D:6      | Killed Grinder
  5108 | D:6      | Reached XP level 9. HP: 18/56 MP: 0/0
  5108 | D:6      | Learned a level 3 spell: Frozen Ramparts
  5246 | D:6      | Reached skill level 1 in Fighting
  5349 | D:6      | Reached skill level 9 in Spellcasting
  5406 | D:6      | Noticed Pikel
  5416 | D:6      | Killed Pikel
  5537 | D:6      | Noticed Prince Ribbit
  5546 | D:6      | Killed Prince Ribbit
  5547 | D:6      | Reached skill level 10 in Spellcasting
  5609 | D:6      | Found a basalt altar of Yredelemnul.
  5701 | D:6      | Found a white marble altar of Elyvilon.
  5960 | D:6      | Reached XP level 10. HP: 40/64 MP: 0/0
  6264 | D:7      | Noticed Maggie
  6271 | D:7      | Killed Maggie
  6387 | D:7      | Reached skill level 5 in Dodging
  6762 | D:8      | Reached skill level 5 in Fighting
  6973 | D:8      | Noticed a two-headed ogre
  6987 | D:8      | Killed a two-headed ogre
  7169 | D:8      | Found a burning altar of Makhleb.
  7179 | D:8      | Became a worshipper of Makhleb the Destroyer
  7549 | D:9      | Noticed Erolcha
  7551 | Abyss:1  | Cast into level 1 of the Abyss (Erolcha)
  7569 | Abyss:1  | Found a broken altar of Ashenzari.
  7574 | Abyss:1  | Found a corrupted altar of Lugonu.
  7578 | Abyss:1  | Noticed a hellion
  7600 | Abyss:1  | Killed from afar by a hellion

Illustrated notes

Levels and vault maps discovered:
D:1:      minmay_arrival_glassed_features, layout_loops_ring,
          minmay_pentomino_u4
D:2:      layout_loops_corners, serial_shops, nicolae_shop_statue_plus, shop,
          shop, serial_glass, glass_columns_b, glass_columns_a, glass_columns_a,
          st_stairs_6, uniq_robin, uniq_terence
D:3:      layout_basic, mainiacjoe_overflow_cross_hatched,
          gammafunk_temple_overflow_statue, corner_web_ring, nrook_uturn,
          serial_bayou_crossing
D:4:      layout_basic, minmay_temple_entry_junction
D:5:      layout_rooms
D:6:      layout_loops_ring, kennysheep_ying_yang, kennysheep_generic_room_11,
          uniq_grinder, uniq_pikel, uniq_prince_ribbit1
D:7:      layout_loops_cross, uniq_maggie
D:8:      layout_loops_cross, mainiacjoe_overflow_24_doors,
          mainiacjoe_overflow_brackets, minmay_misc_feat_columns,
          kennysheep_generic_room_13
D:9:      layout_stronghold, uniq_joseph, uniq_erolcha
Temple:   nicolae_temple_ecumenical_triangle
Abyss:1:  base:
D:6

Skill      XL: |  1  2  3  4  5  6  7  8  9 10 |
---------------+-------------------------------+-----
Spellcasting   | 3 4 5 6 8 10 | 10.1
Fighting       | 2 6 |  6.8
Dodging        | 3 6 |  6.6
Stealth        | |  1.6

Action                   |  1- 3 |  4- 6 |  7- 9 | 10-12 || total
-------------------------+-------+-------+-------+-------++-------
 Cast: Foxfire           |    40 |    71 |    30 |    14 ||   155
       Scorch            |     4 |    26 |    67 |    61 ||   158
       Call Imp          |       |     5 |     5 |     4 ||    14
       Searing Ray       |       |       |     7 |     3 ||    10
       Flame Wave        |       |       |     2 |     4 ||     6
  Use: Scroll            |       |     3 |     6 |     6 ||    15
       Potion            |       |     2 |     3 |     3 ||     8
Armor: Robe              |     3 |     4 |     7 |     2 ||    16
       Steam dragon scal |       |       |       |    15 ||    15
Dodge: Dodged            |     9 |    19 |    31 |    32 ||    91
       Repelled          |       |       |       |     1 ||     1
